 Dungeon Crawl Stone Soup version 0.32-a0-350-g4f4d228785 (webtiles) character file.

Game seed: 8574936575140971149

23100 PreacherOfTheSchism the Unseen (level 12, -25/63 HPs)
             Began as a Spriggan Enchanter on Feb 17, 2024.
             Was an Initiate of Kikubaaqudgha.
             Annihilated by an ettin
             ... wielding a +0 great mace
              (39 damage)
             ... on level 2 of the Orcish Mines.
             The game lasted 00:23:12 (14094 turns).

PreacherOfTheSchism the Unseen (SpEn)              Turns: 14094, Time: 00:23:13

Health: -25/63     AC: 10    Str:  4    XL:     12   Next: 68%
Magic:  19/22      EV: 27    Int: 24    God:    Kikubaaqudgha [......]
Gold:   748        SH:  0    Dex: 16    Spells: 18/23 levels left

rFire   . . .        h - +2 dagger (venom)
rCold   . . .        (no shield)
rNeg    + . .        y - +0 steam dragon scales
rPois   .            (helmet restricted)
rElec   .            m - +0 cloak
rCorr   +            (gloves unavailable)
SInv    +            (boots unavailable)
Will    ++...        M - amulet "Goluruh" {RegenMP rN+ Int+3}
Stlth   ++++++       l - ring of resist corrosion
HPRegen 0.30/turn    S - +4 ring of protection
MPRegen 0.58/turn

%: no passive effects
@: very quick
A: very small, no large weapons, unfitting armour, see invisible, speed 3
a: Renounce Religion


You were on level 2 of the Orcish Mines.
You worshipped Kikubaaqudgha.
Kikubaaqudgha was noncommittal.
You visited 3 branches of the dungeon, and saw 14 of its levels.
You also visited: Ossuary.

You collected 1079 gold pieces.
You spent 331 gold pieces at shops.

Inventory:

Hand Weapons
 a - a +1 dagger
 h - a +2 dagger of venom (weapon)
 Q - a +1 short sword of electrocution
Missiles
 E - a throwing net
 N - 4 curare-tipped darts
Armour
 b - a +0 robe
 m - a +0 cloak (worn)
 y - +0 steam dragon scales (worn)
Jewellery
 l - a ring of resist corrosion (left hand)
 o - an amulet of the acrobat
 x - an amulet of faith
 A - a ring of positive energy
 F - an amulet of guardian spirit
 M - the amulet "Goluruh" (around neck) {RegenMP rN+ Int+3}
   (You took it off an orc wizard on level 7 of the Dungeon)

   [amulet of magic regeneration]

   RegenMP:   It increases your rate of magic regeneration.
   Int+3:     It affects your intelligence (+3).
   rN+:       It protects you from negative energy.
 S - a +4 ring of protection (right hand)
Wands
 c - a wand of light (13)
 f - a wand of polymorph (4)
 q - a wand of flame (41)
 v - a wand of digging (2)
 H - a wand of mindburst (4)
 O - a wand of charming (8)
Scrolls
 i - 2 scrolls of brand weapon
 j - 3 scrolls of enchant armour
 n - 4 scrolls of amnesia
 p - a scroll of fog {@r2}
 s - 2 scrolls of immolation
 t - a scroll of vulnerability {!r}
 u - 2 scrolls of noise
 z - 2 scrolls of revelation {@r5}
 B - 6 scrolls of teleportation {@r3}
 L - 2 scrolls of blinking {@r4}
Potions
 d - a potion of berserk rage
 e - 3 potions of lignification {unknown}
 g - 7 potions of curing {unknown}
 r - 5 potions of heal wounds {unknown}
 w - a potion of might {unknown}
 C - a potion of ambrosia {unknown}
 D - 3 potions of enlightenment
 G - 7 potions of degeneration
 I - 3 potions of invisibility
 J - 4 potions of brilliance {unknown}
 K - 3 potions of attraction {unknown}
 P - 2 potions of haste {unknown}
 T - a potion of mutation {unknown}
 U - a potion of cancellation {unknown}
Miscellaneous
 R - a lightning rod (4/4)


   Skills:
 + Level 7.0 Fighting
 - Level 10.0 Short Blades
 - Level 15.0 Dodging
 + Level 16.2 Stealth
 - Level 6.0 Spellcasting
 - Level 10.0 Hexes


You had 18 spell levels left.
You knew the following spells:

 Your Spells              Type           Power      Damage    Failure   Level
c - Confusing Touch       Hex            53%        N/A       1%          3
e - Ensorcelled Hibernat  Hex/Ice        62%        N/A       1%          2

Your spell library contained the following spells:

 Spells                   Type           Power      Damage    Failure   Level
 Tukima's Dance           Hex            53%        N/A       1%          3
 Dazzling Flash           Conj/Hex       62%        N/A       3%          3
 Freeze                   Ice            28%        1d5       8%          1
 Magic Dart               Conj           28%        1d4       8%          1
 Sting                    Conj/Alch      28%        1d4       8%          1
 Dimensional Bullseye     Hex/Tloc       15%        N/A       10%         4
 Searing Ray              Conj           14%        2d5       12%         2
 Frozen Ramparts          Ice            14%        1d3       24%         3
 Hailstorm                Conj/Ice       7%         3d5       24%         3
 Stone Arrow              Conj/Erth      14%        3d7       24%         3
 Vampiric Draining        Necr           7%         2d6       24%         3
 Brom's Barrelling Bould  Conj/Erth      7%         2d3       61%         4
 Fulminant Prism          Conj/Alch      3%         3d5       61%         4
 Iskenderun's Mystic Bla  Conj/Tloc      7%         2d4       61%         4
 Iskenderun's Battlesphe  Conj           7%         2d6       91%         5
 Lee's Rapid Deconstruct  Erth           3%         3d5*      91%         5
 Death Channel            Necr           3%         N/A       100%        6


Dungeon Overview and Level Annotations

Branches:
Dungeon (11/15)            Temple (1/1) D:4            Lair (0/5) D:10
    Orc (2/2) D:9             Elf (0/3) Orc:2       Ossuary (visited)

Altars:
Ashenzari
Cheibriados
Dithmenos
Elyvilon
Fedhas
Gozag
Hepliaklqana
Kikubaaqudgha
Makhleb
Nemelex Xobeh
Okawaru
Qazlal
Ru
Sif Muna
Trog
Uskayaw
Vehumet
Wu Jian
Xom
Yredelemnul
Zin
The Shining One

Shops:
D:7 *   D:10 ?

Portals:
Trove: D:10 (give +5 demon whip)


Innate Abilities, Weirdness & Mutations

You are very small and have problems with some larger weapons.
You are too small for most types of armour.
You have supernaturally acute eyesight. (SInv)
You cover ground extremely quickly. (Speed+++)


Message History

You spit the orc like a pig!!!!!
You kill the orc!
Kikubaaqudgha accepts your kill.
An orc warrior and a kobold blastminer come into view.
Found 15 gold pieces.
An orc comes into view. It is wielding a +0 hand axe.
The orc warrior hits you with a +0 flail.
The kobold blastminer moves out of view.
The orc warrior looks drowsy...
An orc wizard comes into view. It is wielding a +0 dagger.
The helpless orc warrior fails to defend itself.
You stick the orc warrior like a pincushion!!!!
You kill the orc warrior!
Kikubaaqudgha accepts your kill.
The kobold blastminer wields a +0 arbalest.
The kobold blastminer shoots a bolt.
The bolt hits the orc wizard!!
The orc wizard dies!
An orc comes into view. It is wielding a +0 falchion.
The orc wizard shouts!
The kobold blastminer shouts!
Things that are here:
a +0 flail; a +0 plate armour The ettin resists with some effort.
An orc comes into view. It is wielding a +0 club.
The ettin resists with some effort.
The orc wizard points at you and mumbles some strange words.
The magic dart hits you. The ettin barely misses you.
The ettin hits you with a +0 great mace of protection!!!
Ouch! That really hurt!
The kobold blastminer bats away at the thin smoke enveloping its cannon.
The kobold blastminer wields a +0 arbalest.
The kobold blastminer shoots a bolt.
The bolt completely misses you. The ettin attacks as it pursues you!
The ettin hits you but does no damage.
The ettin hits you with a +0 great mace of protection!
* * * LOW HITPOINT WARNING * * *
There is a stone staircase leading up here.
The ettin closely misses you.
The ettin hits you with a +0 great mace of protection!!!
Ouch! That really hurt!
You die...
Kikubaaqudgha rasps: You have failed me!
Welcome... death!

........#....
#..#.......#.
###<> . .......
##.##.#.#..$....
#......#.$.o....
#.....)...o....
#.....)o......
##.#CKoo..K...
#..@####.$....
##.## ....#. ##
..## ###


You could see an ettin, 2 kobold blastminers, an orc warrior, an orc wizard and
3 orcs.

Vanquished Creatures
  A stone giant (D:10)
  Erolcha (D:10)
  5 two-headed ogres (D:10)
  Erica (D:10)
  A boulder beetle (D:10)
  A tengu warrior (D:10)
  Urug (D:11)
  Sonja (Orc:1)
  2 cyclopes (D:11)
  A manticore (D:10)
  5 kobold blastminers (Orc:1)
  2 gargoyles (D:10)
  A kobold demonologist (D:10)
  7 trolls (D:10)
  3 hornets
  5 wyverns
  2 wraiths
  4 shadows (D:10)
  6 yaks (D:11)
  4 steam dragons
  4 vampire mosquitoes
  Grum (D:9)
  Menkaure (D:4)
  3 acid dragons (D:10)
  Duvessa (D:6)
  8 orc warriors
  3 black bears
  A sky beast (D:7)
  An ogre (Orc:1)
  2 wolves (D:9)
  2 centaurs
  4 kobold brigands
  3 gnoll sergeants
  A bullfrog (D:9)
  3 scorpions
  22 wights
  A burial acolyte (Ossuary)
  Dowan (D:6)
  12 killer bees
  A bombardier beetle (D:4)
  7 howler monkeys
  6 hounds
  A gnoll bouda (D:6)
  3 jellies
  Crazy Yiuf (D:2)
  8 orc priests
  8 iguanas
  14 orc wizards
  A mummy (Ossuary)
  18 gnolls
  9 adders
  A shadow imp (D:7)
  3 white imps
  A dart slug (D:1)
  2 ribbon worms
  43 orcs
  4 endoplasms
  9 goblins
  13 hobgoblins
  7 jackals (D:2)
  4 quokkas
  12 ball pythons
  10 bats
  2 frilled lizards (D:3)
  7 gnoll skeletons (Ossuary)
  32 kobolds
  8 kobold skeletons (Ossuary)
  5 orc skeletons (Ossuary)
  9 rats
377 creatures vanquished.

Vanquished Creatures (others)
  An orc wizard (Orc:2)
1 creature vanquished.

Grand Total: 378 creatures vanquished

Notes
Turn   | Place    | Note
-------+----------+-------------------------------------------
     0 | D:1      | PreacherOfTheSchism the Spriggan Enchanter began the quest
                  | for the Orb.
     0 | D:1      | Reached XP level 1. HP: 9/9 MP: 5/5
    76 | D:1      | Reached XP level 2. HP: 12/13 MP: 6/6
    87 | D:1      | Reached skill level 5 in Stealth
   154 | D:1      | Learned a level 2 spell: Ensorcelled Hibernation
   459 | D:1      | Reached XP level 3. HP: 16/16 MP: 8/8
   817 | D:2      | Reached skill level 6 in Stealth
   969 | D:2      | Reached XP level 4. HP: 20/21 MP: 6/9
  1372 | D:2      | Found a runed translucent door.
  1373 | D:2      | Noticed Crazy Yiuf
  1522 | D:2      | Killed Crazy Yiuf
  1811 | D:3      | Reached skill level 7 in Stealth
  1811 | D:3      | Reached XP level 5. HP: 22/24 MP: 7/10
  2224 | D:3      | Reached skill level 8 in Stealth
  2296 | D:3      | Reached XP level 6. HP: 28/28 MP: 11/11
  2383 | D:3      | Got Loax's Anthology of Sciomancy and the Boulder
  2641 | D:3      | Found an opulent altar of Gozag.
  2669 | D:3      | Reached skill level 5 in Short Blades
  2815 | D:3      | Got the Lectures on the Scintillating Lithosphere
  2824 | D:3      | Learned a level 3 spell: Confusing Touch
  2955 | D:4      | Found a staircase to the Ecumenical Temple.
  3090 | Temple   | Entered the Ecumenical Temple
  3113 | D:4      | Noticed Menkaure
  3120 | D:4      | Killed Menkaure
  3121 | D:4      | Reached skill level 5 in Hexes
  3121 | D:4      | Reached XP level 7. HP: 32/32 MP: 9/14
  3808 | D:4      | Noticed a steam dragon
  3811 | D:4      | Killed a steam dragon
  3835 | D:4      | Noticed a steam dragon
  3853 | D:4      | Reached skill level 1 in Fighting
  3853 | D:4      | Reached XP level 8. HP: 37/37 MP: 15/15
  3989 | D:5      | Entered Level 5 of the Dungeon
  4169 | D:5      | Reached skill level 5 in Dodging
  4566 | D:5      | Found a glowing silver altar of Zin.
  4877 | D:5      | Found a glowing golden altar of the Shining One.
  5261 | D:6      | Noticed Dowan
  5264 | D:6      | Noticed Duvessa
  5281 | D:6      | Killed Duvessa
  5287 | D:6      | Killed Dowan
  5580 | D:6      | Found a basalt altar of Yredelemnul.
  5580 | D:6      | Found a sparkling altar of Nemelex Xobeh.
  5678 | D:7      | Found a sand-covered staircase.
  5683 | Ossuary  | Entered an ossuary
  6118 | Ossuary  | Reached XP level 9. HP: 44/44 MP: 8/16
  6462 | D:7      | Reached skill level 9 in Stealth
  6910 | D:7      | Reached skill level 10 in Stealth
  7207 | D:7      | Reached skill level 11 in Stealth
  7233 | D:7      | Found Qits's Assorted Antiques.
  7238 | D:7      | Bought a cyan potion for 27 gold pieces
  7238 | D:7      | Bought a sedimented cyan potion for 27 gold pieces
  7238 | D:7      | Bought a scroll labelled BOUMUURPH ENUUT for 31 gold pieces
  7289 | D:7      | Identified the amulet "Goluruh" {RegenMP rN+ Int+3}
  7462 | D:7      | Found an iron altar of Okawaru.
  7653 | D:7      | Found a burning altar of Makhleb.
  8040 | D:8      | Found a hide-covered altar of Uskayaw.
  8170 | D:8      | Reached skill level 12 in Stealth
  8559 | D:8      | Found an ancient bone altar of Kikubaaqudgha.
  8598 | D:8      | Reached skill level 5 in Spellcasting
  8598 | D:8      | Reached XP level 10. HP: 49/49 MP: 16/18
  8967 | D:8      | Noticed a +0 hand axe
  8967 | D:8      | Noticed a +0 dagger
  9296 | D:9      | Found a shimmering blue altar of Sif Muna.
  9578 | D:9      | Reached skill level 5 in Fighting
  9629 | D:9      | Noticed Grum
  9632 | D:9      | Killed Grum
  9662 | D:9      | Found a blossoming altar of Fedhas.
  9983 | D:9      | Found a staircase to the Orcish Mines.
 10343 | D:10     | Entered Level 10 of the Dungeon
 10508 | D:10     | Found a stormy altar of Qazlal.
 10613 | D:10     | Found Yfayrch's Magic Scroll Shop.
 10614 | D:10     | Found a staircase to the Lair.
 10614 | D:10     | Noticed Erica
 10620 | D:10     | Killed Erica
 10636 | D:10     | Bought a scroll of blinking for 127 gold pieces
 10636 | D:10     | Bought a scroll of amnesia for 68 gold pieces
 10636 | D:10     | Bought a scroll of teleportation for 51 gold pieces
 10680 | D:10     | Reached XP level 11. HP: 56/56 MP: 21/21
 10705 | D:10     | Found a portal to a secret trove of treasure.
 10924 | D:10     | Reached skill level 10 in Hexes
 10936 | D:10     | Reached skill level 10 in Short Blades
 10942 | D:10     | Noticed a two-headed ogre
 11109 | D:10     | Noticed a stone giant
 11294 | D:10     | Noticed a two-headed ogre
 11320 | D:10     | Killed a two-headed ogre
 11321 | D:10     | Reached skill level 13 in Stealth
 11327 | D:10     | Noticed a two-headed ogre
 11330 | D:10     | Killed a two-headed ogre
 11350 | D:10     | Identified the +1 trident "Ogreslayer" {flame, *Rage Will+
                  | Dex+6}
 11355 | D:10     | Noticed a two-headed ogre
 11453 | D:10     | Killed a two-headed ogre
 11454 | D:10     | Reached skill level 10 in Dodging
 11577 | D:10     | Noticed a boulder beetle
 11584 | D:10     | Killed a two-headed ogre
 11585 | D:10     | Reached skill level 14 in Stealth
 11609 | D:10     | Killed a boulder beetle
 11685 | D:10     | Noticed a two-headed ogre
 11857 | D:10     | Reached skill level 15 in Stealth
 11878 | D:10     | Noticed a tengu warrior
 12360 | D:10     | Killed a stone giant
 12361 | D:10     | Reached XP level 12. HP: 61/61 MP: 20/22
 12406 | D:10     | Identified the +3 battleaxe of Rofeer {freeze, rC- Str+2
                  | Dex+5}
 12438 | D:10     | Killed a two-headed ogre
 12441 | D:10     | Killed a tengu warrior
 12541 | D:10     | Noticed Erolcha
 12705 | D:10     | Killed Erolcha
 13313 | D:11     | Noticed Urug
 13319 | D:11     | Killed Urug
 13529 | D:11     | Reached skill level 15 in Dodging
 13604 | Orc:1    | Entered Level 1 of the Orcish Mines
 13742 | D:8      | Became a worshipper of Kikubaaqudgha
 13803 | Orc:1    | Noticed Sonja
 13824 | Orc:1    | Killed Sonja
 13831 | Orc:1    | Reached skill level 16 in Stealth
 14080 | Orc:2    | Entered Level 2 of the Orcish Mines
 14081 | Orc:2    | Found a staircase to the Elven Halls.
 14082 | Orc:2    | Noticed an ettin
 14094 | Orc:2    | Annihilated by an ettin

Illustrated notes

Levels and vault maps discovered:
D:1:      denvon_arrival_waterhouse, layout_basic
D:2:      layout_loops_ring, uniq_crazy_yiuf_cottage
D:3:      layout_loops_ring, mainiacjoe_overflow_alcove_1,
          minmay_divided_ellipse
D:4:      minmay_chambers_of_fours, layout_loops_ring, st_stairs_9,
          minmay_misc_feat_hallway, dk_noncrumbling_3, uniq_menkaure
D:5:      layout_basic, tso_altar, zin_treasury, lightli_minifort
D:6:      layout_loops_ring, nicolae_overflow_two_pavilions, uniq_duvessa
D:7:      corexii_shantytown, layout_basic,
          mainiacjoe_overflow_concentric_impassable,
          hellmonk_okawaru_the_only_friend_you_need, enter_ossuary_5,
          serial_shops, shop
D:8:      cheibrodos_quashed, layout_cave_pods, dancing_weapons_uskayaw,
          mainiacjoe_overflow_cross_hatched, serial_park_tiny_1,
          dreamdust_wishing_well
D:9:      layout_basic, lemuel_round_altar, kennysheep_mini_moat, orc_0_dummy,
          uniq_grum
D:10:     nzn_winding_woodlands_stair_cross
          [nzn_winding_woodlands_5x15_pathside_ponds,
          nzn_winding_woodlands_center_diamonds,
          nzn_winding_woodlands_5x15_pool, nzn_winding_woodlands_5x5_cross,
          nzn_winding_woodlands_5x5_checkerboard,
          nzn_winding_woodlands_5x15_zeroes,
          nzn_winding_woodlands_center_garden,
          nzn_winding_woodlands_5x15_cabin], layout_long_grid,
          mainiacjoe_overflow_alcove_4, nicolae_trove_entry_diagonal,
          serial_shops, shop, uniq_erica, uniq_erolcha
D:11:     layout_long_grid, uniq_urug
Temple:   chequers_temple_sunken
Orc:1:    layout_caves, nicolae_shop_overcharged_wands, uniq_sonja
Orc:2:    kennysheep_orc_mage_school, layout_caves, basic_altar

Skill      XL: |  1  2  3  4  5  6  7  8  9 10 11 12 |
---------------+-------------------------------------+-----
Stealth        | 5 6 7 8 12 15 16 | 16.2
Short Blades   | 2 3 4 5 8 9 10 | 10.0
Spellcasting   | 4 5 6 |  6.0
Hexes          | 5 8 9 10 | 10.0
Dodging        | 3 8 12 15 | 15.0
Fighting       | 1 3 6 7 |  7.0

Action                     |  1- 3 |  4- 6 |  7- 9 | 10-12 || total
---------------------------+-------+-------+-------+-------++-------
  Melee: Dagger            |   103 |   142 |   409 |   375 ||  1029
   Cast: Ensorcelled Hiber |    12 |    22 |    92 |   130 ||   256
         Confusing Touch   |       |     2 |    28 |    35 ||    65
  Evoke: Wand              |       |     3 |     2 |     1 ||     6
    Use: Scroll            |       |       |       |    19 ||    19
   Stab: Sleeping          |    21 |    16 |    75 |    86 ||   198
         Distracted        |     1 |       |     1 |       ||     2
         Confused          |       |     1 |    19 |    26 ||    46
         Held in net/web   |       |       |     1 |       ||     1
 Armour: Robe              |    45 |    42 |     4 |       ||    91
         Steam dragon scal |       |       |    86 |    95 ||   181
  Dodge: Dodged            |    97 |   133 |   322 |   341 ||   893

Table legend: (Time is in decaauts)
 A = Elapsed time spent in this place.
 B = Non-inter-level travel time spent in this place.
 C = Inter-level travel time spent in this place.
 D = Time resting spent in this place.
 E = Time spent auto-exploring this place.
 F = Levels seen in this place.
 G = Mean time per level.
                   A        B        C        D        E       F      G
               +--------+--------+--------+--------+--------+-----+--------+
         Total |  10321 |   9680 |    641 |   1898 |   5775 |  15 |  688.1 |
       Dungeon |   9506 |   8881 |    625 |   1739 |   5358 |  11 |  864.2 |
        Temple |      1 |      1 |      0 |      0 |      0 |   1 |    1.0 |
  Orcish Mines |    213 |    198 |     15 |     18 |    118 |   2 |  106.5 |
       Ossuary |    599 |    599 |      0 |    141 |    298 |   1 |  599.0 |
               +--------+--------+--------+--------+--------+-----+--------+

Top non-repeatable levels by time:
    D:10: 1751 daAuts
     D:9: 1160 daAuts
     D:7: 1048 daAuts
     D:8: 864 daAuts
     D:2: 833 daAuts
     D:4: 814 daAuts
     D:3: 784 daAuts
     D:6: 685 daAuts
     D:5: 648 daAuts
 Ossuary: 599 daAuts
    D:11: 459 daAuts
     D:1: 456 daAuts
   Orc:1: 203 daAuts
   Orc:2: 10 daAuts
  Temple: 1 daAuts
